 Dungeon Crawl Stone Soup version 0.31-a0-214-gb37851dbb3 (webtiles) character file.

Game seed: 8311043959182807435

111 qw the Chopper (level 4, -2/28 HPs)
             Began as a Gargoyle Fighter on July 1, 2023.
             Slain by a water moccasin (7 damage)
             ... on level 4 of the Dungeon.
             The game lasted 00:01:12 (2203 turns).

qw the Chopper (Gargoyle Fighter)                   Turns: 2203, Time: 00:01:12

Health: -2/28      AC: 13    Str: 28      XL:     4   Next: 92%
Magic:  4/4        EV:  8    Int:  6 (8)  God:
Gold:   143        SH:  4    Dex:  8 (9)  Spells: 3/3 levels left

rFire   . . .        Y - +2 war axe
rCold   . . .        c - +0 buckler
rNeg    + . .        e - +0 chain mail
rPois   inf          (no helmet)
rElec   +            (no cloak)
rCorr   .            (no gloves)
SInv    .            l - +0 pair of boots
Will    .....        b - amulet of the acrobat Stlth
                     q - +6 ring of strength
HPRegen 0.24/turn    (no ring)
MPRegen 0.09/turn

%: acrobat
@: about to teleport
A: sickness immunity, AC +3, negative energy resistance 1, electricity
resistance, torment resistance 1, petrification resistance
a: no special abilities


You were on level 4 of the Dungeon.
You visited 1 branch of the dungeon, and saw 4 of its levels.

You collected 143 gold pieces.


Innate Abilities, Weirdness & Mutations

You are immune to sickness and miasma.
Your stone body is resilient. (AC +3)
You are immune to poison.
You resist negative energy. (rN+)
You are resistant to electric shocks. (rElec)
You are resistant to unholy torment.
You are immune to petrification.


   Skills:
 - Level 3.2 Fighting
 + Level 4.5 Axes
 - Level 3.2 Armour
 - Level 3.2 Shields


You had 3 spell levels left.
You didn't know any spells.
Your spell library was empty.

Inventory:

Hand Weapons
 f - a +0 flail
 Y - a +2 war axe (weapon)
Armour
 c - a +0 buckler (worn)
 e - a +0 chain mail (worn)
 l - a +0 pair of boots (worn)
Jewellery
 b - an amulet of the acrobat (around neck)
 q - a +6 ring of strength (left hand)
Scrolls
 a - a scroll of identify
 j - a scroll of teleportation
Potions
 d - a potion of might
 g - a potion of curing {unknown}
 h - a potion of haste {unknown}
 i - a potion of cancellation {unknown}
 m - a potion of enlightenment {unknown}

Dungeon Overview and Level Annotations

Branches:
Dungeon (4/15)
 Temple: D:4-7

Altars:
Ashenzari
Sif Muna
Yredelemnul


Message History

The water moccasin is moderately wounded.
The water moccasin bites you but does no damage.
You block the water moccasin's attack.
You closely miss the water moccasin.
The water moccasin is moderately wounded.
The water moccasin barely misses you.
The water moccasin bites you but does no damage.
You slash the water moccasin!
The water moccasin is heavily wounded.
The water moccasin bites you but does no damage.
The water moccasin barely misses you.
You barely miss the water moccasin.
The water moccasin is heavily wounded.
The water moccasin barely misses you. The water moccasin bites you.
You hit the water moccasin.
The water moccasin is heavily wounded.
The water moccasin barely misses you.
You hit the water moccasin.
The water moccasin is severely wounded.
The water moccasin barely misses you. You block the water moccasin's attack.
You closely miss the water moccasin.
The water moccasin is severely wounded.
The water moccasin completely misses you.
You block the water moccasin's attack.
You closely miss the water moccasin.
The water moccasin is severely wounded.
The water moccasin bites you but does no damage.
The water moccasin bites you!
You closely miss the water moccasin.
The water moccasin is severely wounded.
The water moccasin bites you.
The water moccasin bites you but does no damage.
2202 ||| READING 2 scrolls of teleportation.
As you read the scroll of teleportation, it crumbles to dust.
You feel strangely unstable. The water moccasin bites you.
You miss the water moccasin.
The water moccasin is severely wounded.
The water moccasin bites you!
You die...

#. ~. #.# # ..~ .
#.# .#.~~ ..
#.####.#..
..####.##....####
.......##.#......
#......)......
#.....@S.....)
#..<.....#####
#........#
#........#
#........#
#..........
#........###
######.#.# .#.#


You could see a water moccasin.

Vanquished Creatures
  Jessica (D:2)
  3 adders
  A dart slug (D:1)
  2 ball pythons (D:1)
  6 bats
  3 endoplasms
  4 giant cockroaches
  6 goblins
  5 hobgoblins
  3 quokkas
  4 frilled lizards
  7 kobolds
  7 rats
52 creatures vanquished.

Notes
Turn   | Place    | Note
-------+----------+-------------------------------------------
     0 | D:1      | qw the Gargoyle Fighter began the quest for the Orb.
     0 | D:1      | Reached XP level 1. HP: 14/14 MP: 1/1
     0 | D:1      | 0 ||| qw: Version: 0.3-a-32-g5962c71
     0 | D:1      | 0 ||| qw: Game counter: 7342
     0 | D:1      | 0 ||| qw: Melee chars always use a shield: true
     0 | D:1      | 0 ||| qw: God list: Okawaru
     0 | D:1      | 0 ||| qw: Allow faded altars: false
     0 | D:1      | 0 ||| qw: Do Orc after clearing Dungeon:15 true
     0 | D:1      | 0 ||| qw: Do second Lair branch before Depths: true
     0 | D:1      | 0 ||| qw: Lair rune preference: random
     0 | D:1      | 0 ||| qw: Goals: Normal, Zot:1-4, Slime:5, God:TSO, Crypt,
                  | Tomb, Abyss, Pan, Hells, Win
     0 | D:1      | 0 ||| PLANNING D:1-11
    12 | D:1      | 12 ||| Stepping ~*~*~tactically~*~*~ (stealth).
    13 | D:1      | 13 ||| Stepping ~*~*~tactically~*~*~ (stealth).
    17 | D:1      | 17 ||| Stepping ~*~*~tactically~*~*~ (stealth).
    21 | D:1      | Reached skill level 2 in Axes
    21 | D:1      | 21 ||| Stepping ~*~*~tactically~*~*~ (hiding).
    81 | D:1      | Reached XP level 2. HP: 19/19 MP: 2/2
   293 | D:1      | 293 ||| DROPPING +0 club.
   346 | D:1      | 346 ||| Stepping ~*~*~tactically~*~*~ (hiding).
   347 | D:1      | 347 ||| Stepping ~*~*~tactically~*~*~ (hiding).
   348 | D:1      | 348 ||| Stepping ~*~*~tactically~*~*~ (hiding).
   349 | D:1      | 349 ||| Stepping ~*~*~tactically~*~*~ (hiding).
   352 | D:1      | 352 ||| Stepping ~*~*~tactically~*~*~ (hiding).
   353 | D:1      | 353 ||| Stepping ~*~*~tactically~*~*~ (hiding).
   354 | D:1      | 354 ||| Stepping ~*~*~tactically~*~*~ (stealth).
   493 | D:1      | Reached skill level 3 in Axes
   521 | D:1      | 521 ||| Stepping ~*~*~tactically~*~*~ (stealth).
   611 | D:1      | Reached XP level 3. HP: 23/23 MP: 3/3
   716 | D:1      | 716 ||| READING 2 scrolls labelled DOM TIGASHAEK.
   717 | D:1      | 717 ||| READING scroll of enchant weapon.
   717 | D:1      | 717 ||| ENCHANTING +1 war axe.
   718 | D:1      | 718 ||| READING scroll labelled JAYGUHUOPE.
   721 | D:1      | 721 ||| DRINKING 2 lumpy red potions.
   722 | D:1      | 722 ||| DROPPING potion of degeneration.
   794 | D:2      | Noticed Jessica
   798 | D:2      | Killed Jessica
   799 | D:2      | Reached XP level 4. HP: 28/28 MP: 4/4
   811 | D:2      | 811 ||| DROPPING +0 whip.
   887 | D:2      | 887 ||| Stepping ~*~*~tactically~*~*~ (hiding).
   888 | D:2      | 888 ||| Stepping ~*~*~tactically~*~*~ (hiding).
   889 | D:2      | 889 ||| Stepping ~*~*~tactically~*~*~ (hiding).
   891 | D:2      | 891 ||| Stepping ~*~*~tactically~*~*~ (hiding).
  1126 | D:2      | Reached skill level 4 in Axes
  1131 | D:2      | 1131 ||| Stepping ~*~*~tactically~*~*~ (hiding).
  1132 | D:2      | 1132 ||| Stepping ~*~*~tactically~*~*~ (hiding).
  1133 | D:2      | 1133 ||| Stepping ~*~*~tactically~*~*~ (hiding).
  1134 | D:2      | 1134 ||| Stepping ~*~*~tactically~*~*~ (hiding).
  1401 | D:2      | 1401 ||| UPGRADING to +0 chain mail.
  1411 | D:2      | 1411 ||| DROPPING +0 scale mail.
  1412 | D:2      | 1412 ||| DROPPING orb of energy.
  1413 | D:2      | 1413 ||| UPGRADING to +0 pair of boots.
  1418 | D:2      | 1418 ||| READING 2 scrolls labelled WAGOGEU QEOGH.
  1419 | D:2      | 1419 ||| READING scroll labelled TORHEESAFOG.
  1457 | D:3      | Found a shimmering blue altar of Sif Muna.
  1459 | D:3      | 1459 ||| Stepping ~*~*~tactically~*~*~ (stealth).
  1482 | D:3      | Found a basalt altar of Yredelemnul.
  1629 | D:3      | Found a broken altar of Ashenzari.
  1981 | D:3      | 1981 ||| Stepping ~*~*~tactically~*~*~ (stealth).
  1982 | D:3      | 1982 ||| Stepping ~*~*~tactically~*~*~ (stealth).
  2134 | D:3      | 2134 ||| UPGRADING to amulet of the acrobat.
  2139 | D:3      | 2139 ||| UPGRADING to +6 ring of strength.
  2140 | D:3      | 2140 ||| READING scroll labelled SUNAQE HOGAU.
  2141 | D:3      | 2141 ||| READING scroll labelled YVEIRE GOSI.
  2142 | D:3      | 2142 ||| READING 2 scrolls labelled KUEPTU VAKK.
  2143 | D:3      | 2143 ||| READING scroll labelled TEICAOPEUF.
  2144 | D:3      | 2144 ||| DROPPING scroll of revelation.
  2182 | D:4      | Noticed a water moccasin
  2201 | D:4      | HP: 7/28 [water moccasin (3)]
  2202 | D:4      | 2202 ||| READING 2 scrolls of teleportation.
  2203 | D:4      | Slain by a water moccasin

Levels and vault maps discovered:
D:1:      heliophobic_arrival_enchanted_forest, layout_basic,
          minmay_misc_feat_plants
D:2:      layout_rooms, uniq_jessica
D:3:      layout_loops_ring, mainiacjoe_overflow_boulevard,
          nicolae_ashenzari_panopticon, lemuel_tele_altar, kennysheep_potato
D:4:      layout_basic, mainiacjoe_overflow_paths, gammafunk_ghost_smash,
          serial_glass, glass_columns_b, glass_columns_b, serial_park_tiny_pond,
          uniq_menkaure, uniq_eustachio

Skill      XL: |  1  2  3  4 |
---------------+-------------+-----
Axes           | 2 3 4 |  4.5
Fighting       | |  3.2
Armour         | |  3.2
Shields        | |  3.2

Action                     |  1- 3 |  4- 6 || total
---------------------------+-------+-------++-------
  Melee: War axe           |    73 |    80 ||   153
    Use: Scroll            |     3 |     7 ||    10
         Potion            |     1 |       ||     1
 Armour: Scale mail        |    34 |    15 ||    49
         Chain mail        |       |    20 ||    20
  Dodge: Dodged            |    23 |    37 ||    60
  Block: Buckler           |    21 |    18 ||    39

Table legend:
 A = Non-vault XP
 B = Vault XP
 C = Vault XP percentage of total XP
 D = Non-vault monster count
 E = Vault monster count
 F = Vault count percentage of total count
                 A         B        C        D         E       F
            +---------+---------+-------+---------+---------+-------
      Total |     108 |      51 |  32.1 |      50 |       2 |   3.8
            +---------+---------+-------+---------+---------+-------
        D:1 |      42 |       0 |   0.0 |      23 |       0 |   0.0
        D:2 |      38 |      37 |  49.3 |      17 |       1 |   5.6
        D:3 |      26 |      14 |  35.0 |       9 |       1 |  10.0
        D:4 |       2 |       0 |   0.0 |       1 |       0 |   0.0
            +---------+---------+-------+---------+---------+-------
